 Dungeon Crawl Stone Soup version 0.24.0-123-gd5b16e6ec5 (webtiles) character file.

Game seed: 10076506001228935929, levelgen mode: deterministic

32 Martska the Chucker (level 3, 0/37 HPs)
             Began as an Ogre Hunter on Feb 9, 2020.
             Slain by an adder (3 damage)
             ... on level 2 of the Dungeon.
             The game lasted 00:05:36 (1966 turns).

Martska the Chucker (Ogre Hunter)                   Turns: 1966, Time: 00:05:37

Health: 0/37       AC:  3    Str: 16    XL:     3   Next: 27%
Magic:  3/3        EV: 10    Int: 12    God:
Gold:   33         SH:  0    Dex: 10    Spells: 2/2 levels left

rFire    . . .     SeeInvis .   k - +0 club
rCold    . . .     Gourm    .   (no shield)
rNeg     . . .     Faith    .   b - +0 robe
rPois    .         Spirit   .   (helmet restricted)
rElec    .         Reflect  .   (no cloak)
rCorr    .         Harm     .   (gloves unavailable)
MR       .....                  (boots unavailable)
Stlth    +.........             (no amulet)
HPRegen  0.12/turn              (no ring)
MPRegen  0.08/turn              (no ring)

@: lethally poisoned (0 -> -14)
A: large, unfitting armour, tough skin 1
a: no special abilities


You were on level 2 of the Dungeon.
You were not hungry.

You visited 1 branch of the dungeon, and saw 2 of its levels.

You collected 33 gold pieces.

Inventory:

Hand Weapons
 a - a +0 short sword
 k - a +0 club (weapon)
Missiles
 h - 103 stones (quivered)
Armour
 b - a +0 robe (worn)
Scrolls
 e - a scroll of amnesia
 i - a scroll of remove curse {unknown}
 j - a scroll of enchant weapon {unknown}
 l - a scroll of magic mapping {unknown}
 o - a scroll of identify {unknown}
 p - a scroll of immolation {unknown}
Potions
 n - a potion of cancellation {unknown}
Comestibles
 f - 2 rations


   Skills:
 * Level 3.3 Fighting
 * Level 1.1 Maces & Flails
 + Level 4.2 Throwing
 + Level 2.0 Dodging
 + Level 1.0 Stealth


You had 2 spell levels left.
You didn't know any spells.
Your spell library was empty.

Dungeon Overview and Level Annotations

Branches:
Dungeon (2/15)

Altars:


Innate Abilities, Weirdness & Mutations

You are too large for most types of armour.
You have tough skin. (AC +1)


Message History

* * * LOW HITPOINT WARNING * * *
You feel sick.
Throwing (i - inventory. (/) - cycle)
d - 2 throwing nets (quivered)
Press: ? - help, Shift-Dir - straight line, f/p - adder
Aim: an adder (moderately wounded)
You throw a throwing net.
The throwing net closely misses the adder.
* * * LOW HITPOINT WARNING * * *
You feel sick. The adder barely misses you.
Throwing (i - inventory. (/) - cycle)
d - a throwing net (quivered)
Press: ? - help, Shift-Dir - straight line, f/p - adder
Aim: an adder (moderately wounded)
You throw a throwing net.
The throwing net closely misses the adder.
* * * LOW HITPOINT WARNING * * *
You feel sick. The adder bites you but does no damage.
It was a potion of magic.
Magic courses through your body.
* * * LOW HITPOINT WARNING * * *
You feel sick. The adder bites you.
You die...

##################
((....(S@........#
################.#
#.# ######.#####
#..........#
#.......##.#
#.....).#
#.......#
#.......# .


You could see an adder.

Vanquished Creatures
  2 leopard geckos (D:1)
  7 bats
  A giant cockroach (D:1)
  4 hobgoblins
  2 kobolds (D:1)
  4 frilled lizards
  7 goblins
  3 rats (D:1)
30 creatures vanquished.

Notes
Turn   | Place    | Note
-------+----------+-------------------------------------------
     0 | D:1      | Martska the Ogre Hunter began the quest for the Orb.
     0 | D:1      | Reached XP level 1. HP: 22/22 MP: 1/1
   361 | D:1      | Reached XP level 2. HP: 25/29 MP: 2/2
  1037 | D:1      | Reached skill level 1 in Stealth
  1037 | D:1      | Reached XP level 3. HP: 32/37 MP: 3/3
  1565 | D:2      | Reached skill level 1 in Maces & Flails
  1966 | D:2      | Slain by an adder

Levels and vault maps discovered:
D:1:      dpeg_arrival_long_road, layout_loops_ring, serial_forest,
          infiniplex_forest_clump_diagonal, infiniplex_forest_lined_3,
          infiniplex_forest_zigzag_2, infiniplex_forest_straight_4,
          infiniplex_forest_clump_medium
D:2:      layout_basic, uniq_sigmund

Skill      XL: |  1  2  3 |
---------------+----------+-----
Dodging        | 2 |  2.0
Fighting       | 3 |  3.3
Stealth        | 1 |  1.0
Maces & Flails | 1 |  1.1
Throwing       | |  4.2

Action                   || total
-------------------------++-------
Melee: Short sword       ||    59
       Club              ||    38
Throw: Large rock        ||    38
       Throwing net      ||     2
  Use: Scroll            ||     2
       Potion            ||     1
  Eat: Ration            ||     1
Armor: Robe              ||   123
Dodge: Dodged            ||   139
